 Dungeon Crawl Stone Soup version 0.18-b1-14-g029dad2 (webtiles) character file.

255 Alarkh the Grave Robber (level 5, -4/35 HPs)
             Began as a Mummy Necromancer on Apr 30, 2016.
             Slain by a hound (5 damage)
             ... on level 3 of the Dungeon.
             The game lasted 00:51:18 (2168 turns).

Alarkh the Grave Robber (Mummy Necromancer)         Turns: 2168, Time: 00:51:19

Health: -4/35      AC:  2    Str: 11    XL:     5   Next: 91%
Magic:  0/11       EV: 12    Int: 15    God:
Gold:   212        SH:  0    Dex: 13    Spells: 1 memorised, 11 levels left

rFire  x . .     SeeInvis .     o - +0 trident
rCold  + . .     Gourm    .     c - +0 robe
rNeg   + + +     Faith    .     (no shield)
rPois  ∞         Spirit   .     (no helmet)
rElec  .         Dismiss  .     (no cloak)
rCorr  .         Reflect  .     (no gloves)
SustAt .         Harm     .     (no boots)
MR     .....                    (no amulet)
Stlth  ++........               (no ring)
                                (no ring)

@: not resistant to hostile enchantments, unstealthy
A: no food or potions, fire vulnerability, cold resistance 1, negative energy
resistance 3, torment resistance, unbreathing
a: no special abilities


You were on level 3 of the Dungeon.
You were not hungry.

You visited 1 branch of the dungeon, and saw 3 of its levels.

You collected 212 gold pieces.

Inventory:

Hand Weapons
 a - a +1 spear
 o - a +0 trident (weapon)
Armour
 c - a +0 robe (worn)
Jewellery
 k - an uncursed ring of ice
 m - an uncursed ring of teleportation
Wands
 p - a wand of paralysis (16/24)
 q - a wand of random effects (31/48)
Scrolls
 e - 3 scrolls of remove curse
 f - a scroll of fog {unknown}
 g - 2 scrolls of enchant weapon
 h - a scroll of immolation
 i - 4 scrolls of recharging
 j - a scroll of enchant armour
 l - a scroll of blinking
 n - a scroll of magic mapping {unknown}
Books
 b - a book of Necromancy

   Spells                             Type                      Level
   a - Pain                           Necromancy                   1
   b - Animate Skeleton               Necromancy                   1
   c - Vampiric Draining              Necromancy                   3
   d - Regeneration                   Charms/Necromancy            3
   e - Animate Dead                   Necromancy                   4
   f - Control Undead                 Necromancy                   4


   Skills:
 - Level 1.5 Dodging
 - Level 1.5 Stealth
 + Level 4.3 Spellcasting
 + Level 5.7 Necromancy


You had 11 spell levels left.
You knew the following spells:

 Your Spells              Type           Power        Failure   Level  Hunger
a - Pain                  Necr           ###.         1%          1    N/A

Dungeon Overview and Level Annotations

Branches:
Dungeon (3/15)

Altars:
Makhleb
Sif Muna
Xom


Innate Abilities, Weirdness & Mutations

You do not eat or drink.
Your flesh is vulnerable to fire.
You are immune to poison.
Your flesh is cold resistant.
You are immune to negative energy.
You are immune to unholy pain and torment.
You can survive without breathing.


Message History

Aiming: Pain
Press: ? - help, Shift-Dir - straight line, f/p - hound
Aim: a hound (moderately wounded, chance to defeat MR: 85%)
The hound barely resists.
The hound bites you.
* * * LOW HITPOINT WARNING * * *
The hound barely misses you.
Casting: Pain
Confirm with . or Enter, or press ? or * to list all spells.
Aiming: Pain
Press: ? - help, Shift-Dir - straight line, f/p - hound
Aim: a hound (moderately wounded, chance to defeat MR: 85%)
The hound convulses in agony!
The hound bites you.
* * * LOW HITPOINT WARNING * * *
Casting: Pain
Confirm with . or Enter, or press ? or * to list all spells.
Aiming: Pain
Press: ? - help, Shift-Dir - straight line, f/p - hound
Aim: a hound (heavily wounded, chance to defeat MR: 85%)
The hound barely resists.
The hound barely misses you. The hound bites you.
You die...

#.# #.# #.# ####.###.##
#.# #.# #.###.........#
#h#####.#
#.....##.###..#
#.......# ########.#
#..# ######.## #.# #..#
#h# #.###... #.#
#)......
#.###############.####.#
#...).h@..........# #.#
#################[# #.#
#.# #.. #.# ### #.######
#....... ########


You could see a hound.

Vanquished Creatures
  2 hounds
  2 orc wizards (D:3)
  4 adders
  4 oozes
  A dart slug (D:2)
  3 giant geckos
  9 orcs (D:3)
  A ball python (D:2)
  2 giant cockroaches (D:2)
  6 goblins
  2 hobgoblins
  4 jackals (D:3)
  15 bats
  5 giant newts
  11 kobolds
  11 rats
  A butterfly (D:3)
83 creatures vanquished.

Notes
Turn   | Place    | Note
--------------------------------------------------------------
     0 | D:1      | Alarkh the Mummy Necromancer began the quest for the Orb.
     0 | D:1      | Reached XP level 1. HP: 13/13 MP: 3/3
   247 | D:1      | Reached XP level 2. HP: 18/19 MP: 3/5
   688 | D:2      | Reached XP level 3. HP: 20/24 MP: 1/7
  1056 | D:2      | Reached XP level 4. HP: 30/30 MP: 5/8
  1165 | D:2      | Reached skill level 5 in Necromancy
  1169 | D:2      | Found a burning altar of Makhleb.
  1328 | D:3      | Found a deep blue altar of Sif Muna.
  1453 | D:3      | Reached XP level 5. HP: 35/35 MP: 1/10
  1799 | D:3      | Found a shimmering altar of Xom.
  2167 | D:3      | HP: 1/35 [hound (5)]
  2168 | D:3      | Slain by a hound

Skill      XL: |  1  2  3  4  5 |
---------------+----------------+-----
Spellcasting   | 3 4 |  4.3
Necromancy     | 5 |  5.7
Dodging        | |  1.5
Stealth        | |  1.5

Action                   |  1- 3 |  4- 6 || total
-------------------------+-------+-------++-------
Melee: Spear             |    26 |    24 ||    50
       Trident           |       |    35 ||    35
 Cast: Pain              |    52 |    91 ||   143
  Use: Scroll            |     8 |     1 ||     9
 Stab: Sleeping          |     2 |       ||     2
Armor: Robe              |     8 |    26 ||    34
Dodge: Dodged            |    25 |    72 ||    97
